 Dungeon Crawl Stone Soup version 0.17.0-25-gefc9c12 (webtiles) character file.

3054 septik the Basher (level 9, -1/98 HPs)
             Began as an Ogre Fighter on Nov 19, 2015.
             Was an Elder of Okawaru.
             Slain by Erica
             ... wielding a +1 scimitar of flaming
              (2 damage)
             ... on level 8 of the Dungeon.
             The game lasted 00:15:26 (6852 turns).

septik the Basher (Ogre Fighter)                    Turns: 6852, Time: 00:15:26

Health: -1/98      AC: 11    Str: 30    XL:     9   Next: 87%
Magic:  9/9        EV: 12    Int:  7    God:    Okawaru [****..]
Gold:   329        SH:  0    Dex: 11    Spells: 0 memorised, 8 levels left

rFire  . . .     SeeInvis .     y - +0 giant spiked club
rCold  . . .     Clarity  .     b - +1 robe
rNeg   . . .     SustAt   .     (shield currently unavailable)
rPois  .         Gourm    .     q - +2 hat
rElec  .         Spirit   .     (no cloak)
rCorr  .         Warding  .     (gloves unavailable)
rMut   .         Stasis   .     (boots unavailable)
MR     .....                    F - amulet of faith
Stlth  +.........               h - +5 ring of protection
                                p - +6 ring of strength

@: lethally poisoned (-1 -> -3), not resistant to hostile enchantments, very
unstealthy
A: unfitting armour, tough skin 1
a: Heroism, Renounce Religion


You were on level 8 of the Dungeon.
You worshipped Okawaru.
Okawaru was greatly pleased with you.
You were near starving.

You visited 2 branches of the dungeon, and saw 9 of its levels.

You collected 329 gold pieces.

Inventory:

Hand Weapons
 a - a +0 flail
 y - a +0 giant spiked club (weapon)
Missiles
 l - 212 stones (quivered)
Armour
 b - a +1 robe (worn)
 c - a +0 shield
 q - a +2 hat (worn)
 J - a +0 robe of fire resistance
Jewellery
 h - a +5 ring of protection (right hand)
 p - a +6 ring of strength (left hand)
 u - a +1 ring of slaying
 v - an uncursed ring of see invisible
 w - an uncursed ring of sustain attributes
 F - an amulet of faith (around neck)
 H - a +2 ring of strength
 I - a cursed amulet of inaccuracy {unknown}
Wands
 k - a wand of fireball (6)
Scrolls
 d - a scroll of amnesia {unknown}
 g - 2 scrolls of blinking
 i - a scroll of enchant armour
 n - 6 scrolls of remove curse
 r - a scroll of magic mapping
 s - a scroll of identify
 G - a scroll of immolation {unknown}
 K - a scroll of teleportation {unknown}
 L - a scroll of enchant weapon {unknown}
Potions
 m - 4 potions of magic
 o - a potion of curing
 t - 3 potions of flight {unknown}
 x - 3 potions of brilliance {unknown}
 z - a potion of agility {unknown}
 A - a potion of degeneration {unknown}
 B - a potion of cure mutation {unknown}
 D - a potion of poison {unknown}
Books
 E - a book of Clouds

   Spells                             Type                      Level
   a - Mephitic Cloud                 Conjuration/Poison/Air       3
   b - Conjure Flame                  Conjuration/Fire             3
   c - Poisonous Cloud                Conjuration/Poison/Air       6
   d - Freezing Cloud                 Conjuration/Ice/Air          6
   e - Ring of Flames                 Charms/Fire                  7
Comestibles
 e - 3 bread rations
 f - 6 meat rations
 j - a beef jerky
 C - 2 fruits


   Skills:
 + Level 9.3 Fighting
 * Level 12.2 Maces & Flails
 + Level 6.5 Dodging
 - Level 3.7 Shields


You had 8 spell levels left.
You didn't know any spells.

Dungeon Overview and Level Annotations

Branches:
Dungeon (8/15)             Temple (1/1) D:4
   Lair: D:8-11

Altars:
Ashenzari
Cheibriados
Dithmenos
Gozag
Kikubaaqudgha
Makhleb
Okawaru
Qazlal
Ru
Sif Muna
Trog
Vehumet
Xom
Yredelemnul
Zin
The Shining One

Annotations:
D:8 Erica


Innate Abilities, Weirdness & Mutations

You are too large for most types of armour.
You have tough skin (AC +1).


Message History

Erica hits you with a scimitar of flaming.
* * * LOW HITPOINT WARNING * * *
Erica burns you.
* * * LOW HITPOINT WARNING * * *
You closely miss Erica.
Erica is almost dead.
You feel sick.
Erica hits you with a scimitar of flaming!
* * * LOW HITPOINT WARNING * * *
Erica burns you.
* * * LOW HITPOINT WARNING * * *
You closely miss Erica.
Erica is almost dead.
You feel sick. Erica closely misses you.
You closely miss Erica.
Erica is almost dead.
Erica hits you with a scimitar of flaming.
* * * LOW HITPOINT WARNING * * *
Erica burns you.
You die...

. ...######## .#
..........###.### .#
...#....@@....... .#
### #.##.####.####...
.# ..# #.##.# #.# .#
#.# #.##.# #.# .# #.#
#.##.####.### .# #.#
#.##.##...[.# <# #.#
#....##.#.#.##
.###.###..............
..........####.#.#.###


You could see Erica.

Vanquished Creatures
  A hill giant (D:7)
  The ghost of emiel the Cleaver, an amateur DDFi of Makhleb (D:5)
  Grinder (D:3)
  Menkaure (D:7)
  An ice beast (D:7)
  An orc warrior (D:7)
  3 ogres (D:6)
  A black bear (D:7)
  3 centaurs
  5 giant frogs
  5 killer bees
  5 wights (D:7)
  2 crimson imps (D:6)
  3 orc priests
  Ijyb (D:3)
  A jelly (D:6)
  Jessica (D:2)
  Terence (D:3)
  4 worker ants
  An orc wizard (D:5)
  A hound skeleton (D:3)
  3 worker ant zombies
  7 adders
  2 shadow imps (D:6)
  2 oozes
  3 adder zombies (D:2)
  An adder skeleton (D:2)
  2 worms
  5 giant geckos
  14 orcs
  9 bats
  A bat skeleton (D:2)
  A bat zombie (D:2)
  7 goblins
  8 hobgoblins
  2 jackals (D:2)
  A ball python skeleton (D:2)
  6 giant cockroaches
  3 giant cockroach zombies (D:2)
  2 giant gecko skeletons
  3 giant newts
  10 kobolds
  2 quokkas
  A quokka zombie (D:6)
  7 rats
145 creatures vanquished.

Notes
Turn   | Place    | Note
--------------------------------------------------------------
     0 | D:1      | septik the Ogre Fighter began the quest for the Orb.
     0 | D:1      | Reached XP level 1. HP: 24/24 MP: 1/1
   131 | D:1      | Reached XP level 2. HP: 28/32 MP: 2/2
   553 | D:1      | Reached XP level 3. HP: 26/39 MP: 3/3
  1331 | D:2      | Reached XP level 4. HP: 31/49 MP: 4/4
  2038 | D:2      | Noticed Jessica
  2052 | D:2      | Reached XP level 5. HP: 46/55 MP: 5/5
  2094 | D:2      | Killed Jessica
  2094 | D:2      | Reached skill level 5 in Maces & Flails
  2756 | D:3      | Noticed Ijyb
  2771 | D:3      | Killed Ijyb
  2771 | D:3      | Reached skill level 5 in Fighting
  2771 | D:3      | Reached XP level 6. HP: 54/66 MP: 6/6
  2902 | D:3      | Noticed Grinder
  2902 | D:3      | Paralysed by Grinder for 7 turns
  3410 | D:4      | Found a staircase to the Ecumenical Temple.
  3419 | Temple   | Entered the Ecumenical Temple
  3554 | Temple   | Became a worshipper of Warmaster Okawaru
  3839 | D:3      | Noticed Terence
  3846 | D:3      | Killed Terence
  3846 | D:3      | Reached skill level 6 in Maces & Flails
  4009 | D:3      | Paralysed by Grinder for 2 turns
  4011 | D:3      | Killed Grinder
  4011 | D:3      | Reached * piety under Okawaru
  4011 | D:3      | Reached XP level 7. HP: 49/74 MP: 7/7
  4122 | D:5      | Entered Level 5 of the Dungeon
  4195 | D:5      | Reached skill level 7 in Maces & Flails
  4321 | D:5      | Noticed emiel's ghost (amateur DDFi)
  4354 | D:5      | Killed emiel's ghost
  4455 | D:5      | Reached skill level 8 in Maces & Flails
  4709 | D:6      | Reached XP level 8. HP: 78/84 MP: 8/8
  4840 | D:6      | Reached ** piety under Okawaru
  4869 | D:6      | HP: 3/87 [killer bee (2)]
  4876 | D:7      | HP: 2/87 [killer bee (4)]
  5257 | D:6      | Reached skill level 9 in Maces & Flails
  5257 | D:6      | Reached skill level 5 in Dodging
  5603 | D:6      | Reached skill level 10 in Maces & Flails
  5831 | D:7      | Reached XP level 9. HP: 90/96 MP: 9/9
  5845 | D:7      | Noticed a hill giant
  5853 | D:7      | Killed a hill giant
  5853 | D:7      | Reached *** piety under Okawaru
  5853 | D:7      | Reached skill level 11 in Maces & Flails
  6110 | D:7      | Reached **** piety under Okawaru
  6117 | D:7      | Noticed Menkaure
  6126 | D:7      | Killed Menkaure
  6126 | D:7      | Reached skill level 12 in Maces & Flails
  6471 | D:7      | Found a bloodstained altar of Trog.
  6835 | D:8      | Noticed Erica
  6852 | D:8      | HP: 1/98 [Erica/scimitar of flaming (4)]
  6852 | D:8      | Slain by Erica

Action                   |  1- 3 |  4- 6 |  7- 9 || total
-------------------------+-------+-------+-------++-------
Melee: Flail             |   118 |   154 |       ||   272
       Giant spiked club |       |    27 |   158 ||   185
Invok: Heroism           |       |       |     3 ||     3
  Use: Scroll            |       |       |     8 ||     8
       Potion            |       |       |     5 ||     5
 Stab: Distracted        |     1 |       |       ||     1
       Sleeping          |       |       |     1 ||     1
  Eat: Chunk             |     1 |     6 |     5 ||    12
       Bread ration      |       |     1 |       ||     1
       Beef jerky        |       |       |     1 ||     1
